AoeStats
← Michi3052

Arena

507883474Analyzed
1v1 RM · 12d ago on Sep 20, 2026· 30m 3s· 2 players
Game mode
Random Map
Map size
Tiny (2 player)
Population
200
Speed
Normal
Resources
Standard
Victory
Conquest
Starting age
Dark Age
Ending age
Imperial Age
RankedLock teamsTeams togetherTeam positionsShared explorationLock speedFull tech treeHidden civsTurbo modeCheats
Victory
Defeat
🇪🇸 Turks · Spain
723
+17
🇫🇷 Khmer · France
739
-17
Michi3052
11:54 Feudal Age
13:06 Double-Bit Axe
17:54 Castle Age
24:47 Imperial Age
23:04 Bow Saw
23:25 Fletching
23:36 Padded Archer Armor
24:38 Bodkin Arrow
29:12 Wheelbarrow
Itz H ² o
8:12 Loom
11:11 Feudal Age
15:08 Castle Age
14:41 Double-Bit Axe
14:39 Horse Collar
19:50 Town Watch
23:52 Devotion
24:18 Bow Saw
24:10 Heavy Plow
29:12 Imperial Age
27:17 Husbandry
27:39 Bloodlines
28:08 Forging
28:41 Ballistics
28:23 Murder Holes
28:36 Gold Mining
28:45 Stone Mining
29:29 Tusk Swords
Connection lost

Rejoining the realm…

Still unreachable

The connection could not be restored.

Session expired

The server has moved on; the page needs a fresh start.